cohdb
Replays
Latest Replays
All Replays
Popular Replays
Top Player Replays
Match Explorer
How It Works
Community
CoH3 Stats
Reddit
Sign in to upload your games and track your stats! →
Sign in with Steam
Match 43389838
Unlisted
Match 43389838
Overview
Messages
Build Orders
End
Engineer Squad
Construct Barracks
1⁄4-ton 4x4 Truck
Selects Armored Battlegroup
Selects Veteran Crews
Riflemen Squad
Riflemen Squad
Construct Weapon Support Center
Construct Medical Station
Riflemen Squad
Mechanized Support Center
M1918 Browning Automatic Rifles
Selects M31 Recovery Vehicle
Bazooka Squad
Selects War Machine
Riflemen Squad
Grenade Package
Construct Tank Depot
Selects Fast Deploy
Selects Seek and Destroy
Selects UNKNOWN (2160077)
Riflemen Squad
Bazooka Squad
Designate Forward Repair Station
M18 Hellcat Tank Destroyer
ConcernedApe
Adam
Agerabytes
saephy
0
0
Comments
sign in to comment!
No comments posted yet!